General information
- name: BNet
- type: Ladder team game (AT/RT)
- host: Battle.net
- saver: nutsurlechin.fr
map: GolemsInTheMist
- players: 8
- length: 31:21
- speed: Fast
- version: 1.21 W3XP
- replay type:

» download(224 KB)
Players
team 1 (winner)
AlasPoorYorick (
green | 84 APM | 2645 actions | 31:19)
5 Warden
2 Shadow Strike
3 Blink
» actions
| Assign group hotkey | 6 | |
| Basic commands | 87 | |
| Build / train | 98 | |
| ESC pressed | 1 | |
| Enter build submenu | 53 | |
| Enter hero's abilities submenu | 5 | |
| Give item / drop item | 2 | |
| Remove unit from queue | 2 | |
| Right click | 1531 | |
| Select / deselect | 500 | |
| Select group hotkey | 188 | |
| Use ability | 171 | |
2645 total
» units
» upgrades
| Nature's Blessing | 1 | |
| Ultravision | 1 | |
| Well Spring | 1 | |
3 total
» buildings
| Altar of Elders | 2 | |
| Moon Well | 11 | |
| Tree of Ages | 6 | |
| Hunter's Hall | 2 | |
| Tree of Life | 5 | |
| Ancient of War | 26 | |
| Tree of Eternity | 2 | |
| Ancient of Wonders | 1 | |
| Ancient of Wind | 2 | |
| Ancient of Lore | 1 | |
| Ancient Protector | 1 | |
59 total
» build order
00:05 Altar of Elders
00:19 Moon Well
00:54 Moon Well
04:26 Moon Well
05:08 Tree of Ages
05:09 Tree of Ages
05:11 Hunter's Hall
05:20 Tree of Life
05:23 Moon Well
06:33 Moon Well
07:47 Altar of Elders
08:57 Moon Well
11:00 Moon Well
11:18 Tree of Life
12:03 Moon Well
13:02 Moon Well
14:36 Tree of Life
15:09 Tree of Life
15:40 Tree of Ages
15:40 Tree of Ages
16:38 Tree of Life
18:19 Ancient of War
18:32 Ancient of War
18:44 Ancient of War
18:59 Ancient of War
19:16 Ancient of War
19:22 Ancient of War
19:38 Ancient of War
19:43 Tree of Ages
19:46 Tree of Eternity
19:55 Ancient of War
20:11 Ancient of War
20:23 Moon Well
20:25 Ancient of War
20:31 Hunter's Hall
20:35 Ancient of War
20:51 Ancient of War
21:05 Ancient of War
21:21 Moon Well
21:33 Ancient of War
21:36 Ancient of War
21:45 Ancient of War
22:00 Ancient of War
22:06 Tree of Eternity
23:06 Ancient of War
23:25 Ancient of War
23:34 Ancient of War
23:54 Ancient of War
24:03 Ancient of War
24:27 Ancient of War
24:29 Ancient of War
25:05 Ancient of War
25:07 Ancient of War
31:01 Ancient of Wonders
31:04 Ancient of Wind
31:07 Ancient of Lore
31:13 Ancient of Wind
31:15 Ancient Protector
» items
| Orb of Lightning | 1 | |
| Scroll of Town Portal | 3 | |
| Tiny Great Hall | 4 | |
8 total
Gobiner (
purple | 51 APM | 1608 actions | 31:19)
3 Archmage
2 Blizzard
1 Brilliance Aura
4 Blood Mage
2 Flame Strike
2 Siphon Mana
» actions
| Assign group hotkey | 7 | |
| Basic commands | 37 | |
| Build / train | 131 | |
| ESC pressed | 2 | |
| Enter build submenu | 53 | |
| Enter hero's abilities submenu | 7 | |
| Give item / drop item | 1 | |
| Right click | 551 | |
| Select / deselect | 311 | |
| Select group hotkey | 325 | |
| Use ability | 183 | |
1608 total
» units
| Peasant | 24 | |
| Sorceress | 2 | |
| Priest | 2 | |
28 total
» upgrades
| Masonry | 3 | |
| Lumber Harvesting | 2 | |
| Magic Sentry | 1 | |
| Sorceress Training | 2 | |
| Priest Training | 2 | |
| Swords | 3 | |
| Armor | 3 | |
| Animal War Training | 1 | |
| Barrage | 1 | |
| Flying Machine Bombs | 1 | |
| Flak Cannons | 1 | |
| Flare | 1 | |
| Control Magic | 1 | |
| Backpack | 1 | |
| Fragmentation Shards | 1 | |
24 total
» buildings
| Altar of Kings | 1 | |
| Farm | 4 | |
| Lumber Mill | 1 | |
| Scout Tower | 71 | |
| Arcane Tower | 8 | |
| Guard Tower | 36 | |
| Keep | 1 | |
| Town Hall | 1 | |
| Arcane Vault | 1 | |
| Castle | 1 | |
| Arcane Sanctum | 1 | |
| Blacksmith | 1 | |
| Barracks | 1 | |
| Workshop | 1 | |
| Gryphon Aviary | 1 | |
130 total
» build order
00:09 Altar of Kings
00:16 Farm
00:22 Lumber Mill
01:02 Scout Tower
01:22 Farm
01:28 Arcane Tower
01:28 Arcane Tower
01:37 Scout Tower
01:56 Scout Tower
02:04 Guard Tower
02:20 Scout Tower
02:33 Guard Tower
03:02 Guard Tower
03:29 Scout Tower
03:30 Scout Tower
04:02 Guard Tower
04:05 Scout Tower
04:07 Scout Tower
04:27 Scout Tower
04:32 Arcane Tower
04:35 Scout Tower
05:05 Guard Tower
05:06 Guard Tower
05:08 Scout Tower
05:10 Scout Tower
05:20 Keep
05:42 Arcane Tower
05:42 Guard Tower
05:45 Scout Tower
05:46 Scout Tower
05:58 Town Hall
06:09 Arcane Vault
06:13 Guard Tower
06:14 Guard Tower
06:17 Scout Tower
06:18 Scout Tower
06:24 Scout Tower
06:25 Scout Tower
06:26 Scout Tower
06:27 Scout Tower
06:28 Scout Tower
06:48 Arcane Tower
06:48 Guard Tower
06:52 Guard Tower
06:52 Guard Tower
07:01 Scout Tower
07:02 Scout Tower
07:03 Scout Tower
07:46 Guard Tower
07:50 Scout Tower
07:56 Guard Tower
08:37 Arcane Tower
08:38 Arcane Tower
09:39 Guard Tower
09:50 Guard Tower
09:56 Guard Tower
09:56 Guard Tower
10:03 Scout Tower
10:04 Scout Tower
10:05 Scout Tower
10:06 Scout Tower
10:56 Castle
11:00 Guard Tower
11:24 Guard Tower
11:39 Arcane Sanctum
13:35 Scout Tower
13:36 Scout Tower
13:37 Scout Tower
13:38 Scout Tower
13:39 Scout Tower
13:40 Scout Tower
13:41 Scout Tower
13:42 Scout Tower
15:03 Farm
15:04 Farm
15:33 Guard Tower
16:04 Guard Tower
16:27 Guard Tower
16:58 Guard Tower
19:05 Guard Tower
20:23 Scout Tower
20:24 Scout Tower
20:55 Blacksmith
20:57 Barracks
21:12 Arcane Tower
24:08 Scout Tower
24:11 Scout Tower
24:12 Scout Tower
24:17 Scout Tower
24:38 Workshop
24:43 Guard Tower
24:44 Guard Tower
24:46 Scout Tower
24:48 Scout Tower
24:53 Scout Tower
25:17 Scout Tower
25:19 Guard Tower
25:22 Scout Tower
25:24 Scout Tower
25:30 Guard Tower
25:44 Guard Tower
25:50 Guard Tower
26:15 Scout Tower
26:18 Scout Tower
26:46 Scout Tower
26:47 Guard Tower
26:50 Guard Tower
27:03 Scout Tower
27:04 Scout Tower
27:26 Guard Tower
27:43 Guard Tower
29:15 Scout Tower
29:16 Scout Tower
29:17 Scout Tower
29:17 Scout Tower
29:19 Scout Tower
29:20 Scout Tower
30:36 Guard Tower
30:40 Scout Tower
30:41 Scout Tower
30:42 Scout Tower
30:42 Scout Tower
30:44 Scout Tower
30:45 Scout Tower
30:46 Scout Tower
30:48 Scout Tower
30:48 Scout Tower
30:49 Scout Tower
30:50 Scout Tower
31:07 Gryphon Aviary
» items
| Potion of Healing | 7 | |
| Orb of Lightning | 2 | |
| Lesser Clarity Potion | 5 | |
| Healing Salve | 2 | |
| Scroll of Town Portal | 1 | |
| Staff of Sanctuary | 2 | |
| Potion of Mana | 3 | |
| Scroll of Regeneration | 1 | |
23 total
NUTSonyochin.de (
orange | 67 APM | 2109 actions | 31:19)
4 Archmage
2 Blizzard
2 Brilliance Aura
3 Mountain King
2 Storm Bolt
1 Bash
3 Paladin
2 Holy Light
1 Divine Shield
» actions
| Assign group hotkey | 3 | |
| Basic commands | 60 | |
| Build / train | 88 | |
| ESC pressed | 3 | |
| Enter build submenu | 74 | |
| Enter hero's abilities submenu | 10 | |
| Give item / drop item | 1 | |
| Right click | 908 | |
| Select / deselect | 260 | |
| Select group hotkey | 493 | |
| Use ability | 207 | |
2109 total
» units
» upgrades
| Masonry | 3 | |
| Lumber Harvesting | 3 | |
| Magic Sentry | 1 | |
7 total
» buildings
| Lumber Mill | 3 | |
| Altar of Kings | 2 | |
| Farm | 3 | |
| Scout Tower | 106 | |
| Arcane Tower | 2 | |
| Guard Tower | 34 | |
| Town Hall | 1 | |
| Keep | 4 | |
| Arcane Vault | 3 | |
| Arcane Sanctum | 1 | |
| Castle | 1 | |
160 total
» build order
00:28 Lumber Mill
00:33 Altar of Kings
00:38 Farm
00:48 Scout Tower
01:18 Arcane Tower
01:29 Scout Tower
01:38 Scout Tower
01:56 Scout Tower
02:00 Arcane Tower
02:02 Scout Tower
02:10 Guard Tower
02:15 Scout Tower
02:25 Guard Tower
02:31 Scout Tower
03:01 Scout Tower
03:11 Guard Tower
03:13 Scout Tower
03:13 Scout Tower
03:17 Scout Tower
03:18 Guard Tower
03:21 Farm
03:45 Guard Tower
03:47 Scout Tower
03:48 Scout Tower
03:51 Guard Tower
03:53 Scout Tower
03:53 Scout Tower
03:55 Scout Tower
04:00 Scout Tower
04:21 Guard Tower
04:22 Scout Tower
04:22 Scout Tower
05:50 Scout Tower
05:51 Scout Tower
05:52 Scout Tower
05:53 Scout Tower
05:55 Guard Tower
06:06 Town Hall
06:10 Guard Tower
06:12 Scout Tower
06:13 Scout Tower
06:19 Scout Tower
06:19 Scout Tower
06:20 Scout Tower
06:21 Scout Tower
06:22 Scout Tower
06:25 Scout Tower
06:32 Scout Tower
06:33 Scout Tower
06:35 Scout Tower
06:35 Scout Tower
06:36 Scout Tower
06:37 Scout Tower
06:42 Guard Tower
06:52 Scout Tower
06:53 Scout Tower
06:55 Scout Tower
06:56 Scout Tower
06:56 Scout Tower
07:08 Guard Tower
07:32 Guard Tower
07:51 Keep
07:51 Keep
07:52 Keep
07:53 Guard Tower
07:55 Scout Tower
07:56 Scout Tower
07:57 Scout Tower
07:58 Scout Tower
08:00 Guard Tower
08:08 Guard Tower
08:20 Scout Tower
08:21 Scout Tower
08:21 Scout Tower
08:50 Guard Tower
09:21 Guard Tower
09:23 Arcane Vault
10:07 Guard Tower
11:01 Scout Tower
11:05 Scout Tower
11:06 Scout Tower
11:09 Scout Tower
11:10 Scout Tower
11:11 Scout Tower
11:12 Scout Tower
11:13 Scout Tower
11:14 Scout Tower
11:15 Scout Tower
11:16 Scout Tower
11:17 Scout Tower
11:17 Scout Tower
11:19 Scout Tower
11:25 Scout Tower
11:27 Scout Tower
11:28 Scout Tower
11:33 Guard Tower
11:35 Scout Tower
11:36 Scout Tower
11:37 Scout Tower
11:37 Scout Tower
11:38 Scout Tower
11:39 Scout Tower
11:42 Arcane Sanctum
11:43 Farm
11:53 Scout Tower
12:13 Scout Tower
12:14 Scout Tower
12:18 Scout Tower
12:19 Scout Tower
12:19 Scout Tower
12:20 Scout Tower
12:21 Scout Tower
12:23 Guard Tower
12:27 Guard Tower
12:37 Guard Tower
12:47 Guard Tower
12:49 Castle
12:55 Scout Tower
12:55 Scout Tower
12:56 Scout Tower
12:56 Scout Tower
12:57 Scout Tower
13:20 Scout Tower
13:21 Scout Tower
13:25 Guard Tower
13:35 Guard Tower
14:00 Scout Tower
14:09 Guard Tower
14:26 Guard Tower
14:28 Scout Tower
14:31 Scout Tower
14:31 Scout Tower
14:36 Guard Tower
14:45 Scout Tower
14:45 Scout Tower
14:46 Scout Tower
14:47 Scout Tower
14:48 Scout Tower
14:49 Scout Tower
14:49 Scout Tower
15:23 Guard Tower
15:27 Guard Tower
15:31 Scout Tower
15:32 Scout Tower
15:49 Arcane Vault
15:51 Arcane Vault
15:54 Guard Tower
16:32 Guard Tower
16:38 Lumber Mill
16:40 Lumber Mill
16:44 Guard Tower
20:24 Altar of Kings
22:45 Scout Tower
26:21 Guard Tower
27:35 Scout Tower
27:37 Scout Tower
27:38 Scout Tower
27:39 Scout Tower
27:44 Scout Tower
» items
| Healing Salve | 1 | |
| Orb of Lightning | 4 | |
| Staff of Sanctuary | 3 | |
8 total
nutsurlechin.fr (
blue | 82 APM | 2569 actions | 31:21)
7 Blademaster
3 Wind Walk
3 Critical Strike
1 Bladestorm
» actions
| Assign group hotkey | 192 | |
| Basic commands | 1 | |
| Build / train | 74 | |
| Enter build submenu | 29 | |
| Enter hero's abilities submenu | 7 | |
| Remove unit from queue | 5 | |
| Right click | 1623 | |
| Select / deselect | 233 | |
| Select group hotkey | 257 | |
| Use ability | 148 | |
2569 total
» units
» upgrades
| Spiked Barricades | 2 | |
| Reinforced Defenses | 1 | |
| Armor | 3 | |
| Ranged Weapons | 3 | |
| Liquid Fire | 1 | |
10 total
» buildings
| Altar of Storms | 1 | |
| Orc Burrow | 4 | |
| War Mill | 1 | |
| Watch Tower | 17 | |
| Voodoo Lounge | 2 | |
| Stronghold | 3 | |
| Fortress | 2 | |
| Beastiary | 2 | |
| Great Hall | 1 | |
33 total
» build order
00:03 Altar of Storms
00:10 Orc Burrow
00:38 War Mill
02:06 Watch Tower
02:20 Watch Tower
02:26 Orc Burrow
02:56 Watch Tower
03:09 Watch Tower
03:23 Voodoo Lounge
03:51 Stronghold
03:52 Stronghold
04:26 Watch Tower
04:28 Watch Tower
04:57 Watch Tower
05:09 Orc Burrow
05:33 Watch Tower
05:39 Watch Tower
06:27 Watch Tower
06:31 Watch Tower
06:31 Watch Tower
06:32 Watch Tower
06:43 Watch Tower
07:37 Fortress
07:38 Fortress
07:46 Orc Burrow
07:54 Watch Tower
08:40 Beastiary
08:48 Watch Tower
09:00 Watch Tower
10:07 Voodoo Lounge
10:11 Beastiary
19:05 Great Hall
» items
| Healing Salve | 3 | |
| Lesser Clarity Potion | 4 | |
| Orb of Lightning | 1 | |
| Scroll of Speed | 2 | |
| Scroll of Town Portal | 1 | |
| Scroll of Regeneration | 1 | |
12 total
team 2 (loser)

»
alemania1992 (
teal | 37 APM | 1167 actions | 31:18)
3 Blademaster
2 Wind Walk
1 Critical Strike
1 Shadow Hunter
1 Serpent Ward
» actions
| Basic commands | 13 | |
| Build / train | 72 | |
| Enter build submenu | 45 | |
| Enter hero's abilities submenu | 5 | |
| Give item / drop item | 6 | |
| Remove unit from queue | 14 | |
| Right click | 430 | |
| Select / deselect | 475 | |
| Use ability | 107 | |
1167 total
» units
| Peon | 14 | |
| Demolisher | 8 | |
| Wind Rider | 9 | |
| Troll Batrider | 2 | |
33 total
» upgrades
| Liquid Fire | 1 | |
| Ranged Weapons | 1 | |
| Spiked Barricades | 1 | |
| Reinforced Defenses | 1 | |
4 total
» buildings
| Altar of Storms | 1 | |
| Orc Burrow | 4 | |
| Voodoo Lounge | 1 | |
| Stronghold | 1 | |
| War Mill | 1 | |
| Barracks | 1 | |
| Watch Tower | 37 | |
| Beastiary | 1 | |
| Fortress | 1 | |
48 total
» build order
00:09 Altar of Storms
00:13 Orc Burrow
00:42 Voodoo Lounge
02:03 Orc Burrow
02:24 Stronghold
03:34 War Mill
04:51 Barracks
04:57 Watch Tower
04:59 Watch Tower
05:01 Orc Burrow
05:32 Beastiary
06:06 Watch Tower
08:16 Orc Burrow
10:00 Fortress
16:58 Watch Tower
16:59 Watch Tower
17:00 Watch Tower
18:25 Watch Tower
18:33 Watch Tower
18:36 Watch Tower
19:31 Watch Tower
19:34 Watch Tower
20:19 Watch Tower
20:46 Watch Tower
20:52 Watch Tower
22:14 Watch Tower
22:16 Watch Tower
22:17 Watch Tower
22:19 Watch Tower
22:20 Watch Tower
22:22 Watch Tower
22:26 Watch Tower
22:35 Watch Tower
22:44 Watch Tower
23:58 Watch Tower
24:03 Watch Tower
24:39 Watch Tower
25:34 Watch Tower
25:58 Watch Tower
26:03 Watch Tower
27:09 Watch Tower
27:15 Watch Tower
27:34 Watch Tower
28:56 Watch Tower
29:06 Watch Tower
29:10 Watch Tower
29:27 Watch Tower
29:33 Watch Tower
» items
| Healing Salve | 2 | |
| Lesser Clarity Potion | 6 | |
| Orb of Lightning | 3 | |
| Tiny Great Hall | 1 | |
| Potion of Healing | 2 | |
14 total

»
oliator (
yellow | 46 APM | 1426 actions | 31:18)
4 Blademaster
2 Wind Walk
2 Critical Strike
» actions
| Basic commands | 1 | |
| Build / train | 67 | |
| Enter build submenu | 12 | |
| Enter hero's abilities submenu | 4 | |
| Remove unit from queue | 3 | |
| Right click | 844 | |
| Select / deselect | 439 | |
| Use ability | 56 | |
1426 total
» units
| Peon | 7 | |
| Grunt | 4 | |
| Demolisher | 10 | |
| Troll Batrider | 18 | |
| Raider | 8 | |
| Goblin Zeppelin | 4 | |
51 total
» upgrades
| Armor | 1 | |
| Burning Oil | 1 | |
| Liquid Fire | 1 | |
| Ensnare | 1 | |
| Melee Weapons | 1 | |
5 total
» buildings
| Altar of Storms | 1 | |
| Orc Burrow | 6 | |
| Barracks | 1 | |
| Stronghold | 1 | |
| War Mill | 1 | |
| Beastiary | 2 | |
| Fortress | 1 | |
| Voodoo Lounge | 1 | |
14 total
» build order
00:12 Altar of Storms
00:17 Orc Burrow
00:39 Barracks
01:39 Orc Burrow
03:20 Stronghold
03:36 War Mill
04:43 Orc Burrow
05:23 Orc Burrow
09:19 Beastiary
10:31 Fortress
10:34 Voodoo Lounge
11:03 Orc Burrow
12:00 Beastiary
21:21 Orc Burrow
» items

»
ud-for-eva (
red | 42 APM | 1312 actions | 31:14)
2 Death Knight
1 Death Coil
1 Unholy Aura
» actions
| Assign group hotkey | 14 | |
| Basic commands | 4 | |
| Build / train | 45 | |
| Enter build submenu | 25 | |
| Enter hero's abilities submenu | 2 | |
| Remove unit from queue | 2 | |
| Right click | 550 | |
| Select / deselect | 314 | |
| Select group hotkey | 310 | |
| Use ability | 46 | |
1312 total
» units
| Acolyte | 4 | |
| Ghoul | 6 | |
| Crypt Fiend | 8 | |
| Meatwagon | 7 | |
| Frost Wyrm | 3 | |
28 total
» upgrades
| Web | 1 | |
| Unholy Strength | 1 | |
| Freezing Breath | 1 | |
3 total
» buildings
| Altar of Darkness | 1 | |
| Ziggurat | 11 | |
| Crypt | 2 | |
| Graveyard | 1 | |
| Halls of the Dead | 1 | |
| Slaughterhouse | 2 | |
| Nerubian Tower | 1 | |
| Spirit Tower | 7 | |
| Black Citadel | 1 | |
| Sacrificial Pit | 1 | |
| Boneyard | 2 | |
30 total
» build order
00:08 Altar of Darkness
00:11 Ziggurat
00:21 Crypt
01:42 Ziggurat
02:19 Graveyard
02:30 Ziggurat
03:28 Halls of the Dead
03:54 Crypt
05:50 Slaughterhouse
05:55 Slaughterhouse
05:59 Nerubian Tower
06:01 Spirit Tower
09:20 Ziggurat
10:27 Spirit Tower
10:54 Ziggurat
10:59 Ziggurat
12:25 Ziggurat
18:45 Black Citadel
22:07 Sacrificial Pit
23:06 Boneyard
23:09 Boneyard
24:09 Spirit Tower
27:22 Ziggurat
27:25 Ziggurat
27:27 Ziggurat
28:44 Spirit Tower
28:59 Spirit Tower
29:34 Spirit Tower
29:44 Ziggurat
30:37 Spirit Tower

»
Z.e.L.d.A. (
pink | 33 APM | 1041 actions | 31:09)
3 Death Knight
2 Death Coil
1 Unholy Aura
» actions
| Assign group hotkey | 10 | |
| Build / train | 47 | |
| Enter build submenu | 15 | |
| Enter hero's abilities submenu | 3 | |
| Give item / drop item | 1 | |
| Remove unit from queue | 15 | |
| Right click | 607 | |
| Select / deselect | 251 | |
| Select group hotkey | 33 | |
| Use ability | 59 | |
1041 total
» units
| Acolyte | 7 | |
| Ghoul | 5 | |
| Crypt Fiend | 3 | |
| Frost Wyrm | 10 | |
| Goblin Zeppelin | 1 | |
26 total
» upgrades
» buildings
| Altar of Darkness | 1 | |
| Ziggurat | 11 | |
| Crypt | 1 | |
| Graveyard | 1 | |
| Tomb of Relics | 1 | |
| Halls of the Dead | 3 | |
| Black Citadel | 2 | |
| Sacrificial Pit | 1 | |
| Boneyard | 3 | |
24 total
» build order
00:06 Altar of Darkness
00:08 Ziggurat
01:18 Crypt
01:23 Graveyard
01:26 Tomb of Relics
01:29 Ziggurat
03:37 Halls of the Dead
03:37 Halls of the Dead
03:47 Ziggurat
06:30 Black Citadel
06:31 Black Citadel
06:34 Sacrificial Pit
08:08 Ziggurat
08:09 Ziggurat
08:10 Ziggurat
09:05 Boneyard
09:06 Boneyard
09:08 Boneyard
12:17 Ziggurat
25:08 Ziggurat
25:09 Ziggurat
25:13 Ziggurat
25:15 Ziggurat
» items
| Rod of Necromancy | 1 | |
| Healing Salve | 1 | |
| Lesser Clarity Potion | 1 | |
| Dust of Appearance | 1 | |
| Scroll of Town Portal | 1 | |
| Potion of Healing | 1 | |
6 total
Chat log
(00:35 / Allies) nutsurlechin.fr: piano, violin, viola, cello, double bass
(00:43 / Allies) AlasPoorYorick: damn
(01:23 / Allies) NUTSonyochin.de: Rutherford's Requiem
(02:22 / Allies) NUTSonyochin.de: w00d
(24:37 / All) NUTSonyochin.de: DAMN TEAL
(24:38 / All) NUTSonyochin.de: A++
(25:32 / All) Z.e.L.d.A.: and now?
(25:37 / All) Z.e.L.d.A.: no one attacks
(25:39 / All) Gobiner: you leave
(25:50 / All) oliator: no we have time
(25:57 / All) NUTSonyochin.de: time.....to lose teh gaME!
(26:09 / All) NUTSonyochin.de: u talkiun to gaME?
(27:01 / Allies) AlasPoorYorick: reTREEt
(29:05 / All) NUTSonyochin.de: LAST MARCH OF TEH ENTs
(29:23 / All) Z.e.L.d.A.: THATS FUCKING NOOB TAC
(29:39 / All) Z.e.L.d.A.: GO FUCK UR MOTHER
(29:49 / All) NUTSonyochin.de: gallinas fuck fuck fuck yours mothers
(29:51 / All) Z.e.L.d.A.: PLAYERS LIKE U RUIN THE GAME
(30:13 / All) Gobiner: no noob like you ruin
(30:21 / All) Z.e.L.d.A.: 1on1?
(30:29 / All) nutsurlechin.fr: i 1v1 u child..
(30:31 / All) nutsurlechin.fr: i been owning u
(30:34 / All) NUTSonyochin.de: X1
(30:40 / All) Z.e.L.d.A.: come channel clan shad
(30:43 / Allies) nutsurlechin.fr: le cockaa
(30:48 / All) Z.e.L.d.A.: 4 1on1
(30:50 / All) nutsurlechin.fr: shit heads and dumbasses??